 Dungeon Crawl Stone Soup version 0.28.0-53-g5a82cb258f (webtiles) character file.

Game seed: 13203887992016495435

67 MiltankisOP the Changer (level 3, -6/28 HPs)
             Began as a Draconian Transmuter on July 10, 2022.
             Mangled by Sigmund
             ... wielding a +0 scythe
              (9 damage)
             ... on level 2 of the Dungeon.
             The game lasted 00:03:05 (1903 turns).

MiltankisOP the Changer (Draconian Transmuter)      Turns: 1903, Time: 00:03:06

Health: -6/28      AC:  2    Str: 12    XL:     3   Next: 98%
Magic:  5/7        EV: 19    Int: 15    God:
Gold:   73         SH:  0    Dex: 16    Spells: 4/8 levels left

rFire   . . .      SeeInvis .     - Unarmed
rCold   . . .      Faith    .   (shield currently unavailable)
rNeg    . . .      Spirit   .   (armour unavailable)
rPois   x          Reflect  .   (helmet currently unavailable)
rElec   .          Harm     .   (cloak currently unavailable)
rCorr   .          Rampage  .   (gloves currently unavailable)
Will    .....                   (boots currently unavailable)
Stlth   +.........              (no amulet)
HPRegen 0.09/turn               (no ring)
MPRegen 0.10/turn               (no ring)

@: spider-form (expiring)
A: venomous fangs, AC +5, tiny, unfitting armour, (cold-blooded)
a: End Transformation


You were on level 2 of the Dungeon.
You were a venomous arachnid creature.
You visited 1 branch of the dungeon, and saw 2 of its levels.

You collected 73 gold pieces.

Inventory:

Armour
 j - a +0 pair of gloves (melded)
Magical Staves
 e - a staff of poison (melded)
Scrolls
 b - a scroll of teleportation {unknown}
 c - a scroll of magic mapping {unknown}
 d - a scroll of identify {unknown}
 f - a scroll of blinking {unknown}
 g - a scroll of brand weapon {unknown}
 i - a scroll of vulnerability {unknown}
 k - a scroll of fog {unknown}
Potions
 a - 3 potions of curing {unknown}
 h - a potion of heal wounds {unknown}


   Skills:
 - Level 1.1 Fighting
 - Level 1.7 Dodging
 - Level 3.0 Unarmed Combat
 + Level 3.1 Spellcasting
 + Level 3.3 Transmutations


You had 4 spell levels left.
You knew the following spells:

 Your Spells              Type           Power      Damage    Failure   Level
a - Beastly Appendage     Tmut           24%        N/A       14%         1
b - Spider Form           Tmut/Pois      7%         N/A       52%         3

Your spell library contained the following spells:

 Spells                   Type           Power      Damage    Failure   Level
 Wereblood                Tmut           12%        N/A       21%         2
 Ice Form                 Ice/Tmut       7%         N/A       86%         4


Dungeon Overview and Level Annotations

Branches:
Dungeon (2/15)

Altars:

Annotations:
D:2 Sigmund


Innate Abilities, Weirdness & Mutations

You are a venomous arachnid creature.
You have poisonous fangs.
You are tiny and dextrous.
Your spellcasting is less reliable in this form.
Your armour is entirely melded.
You are incapable of wielding weapons or throwing items.
((Your plain brown scales are hard. (AC +5)))
You cannot fit into any form of body armour.
((You are cold-blooded and may be slowed by cold attacks.))


Message History

Your horns disappear.
Your talons disappear.
You now have 73 gold pieces (gained 3).
Sigmund the Dreaded comes into view.
He is wielding a +0 scythe.
Sigmund is nearby!
Sigmund shouts!
Sigmund gestures wildly while chanting.
Sigmund flickers and vanishes!
Deactivating autopickup; reactivate with Ctrl-A.
Casting: Beastly Appendage (safe; 4% risk of failure)
Confirm with . or Enter, or press ? or * to list all spells.
The spell is extremely dangerous to miscast (30% risk of failure)!
Continue anyway?
You feel a surge of power!
You turn into a venomous arachnid creature.
Your staff of poison melds into your body.
Your +0 pair of gloves melds into your body.
A frilled lizard comes into view.
Something closely misses you.
The frilled lizard hisses angrily.
You hit something. Something hits you.
You closely miss something. You barely miss something.
You hear some strange, mumbled words.
A magic dart appears from out of thin air!
The magic dart hits you!
You barely miss something. Something hits you!
* * * LOW HITPOINT WARNING * * *
The frilled lizard barely misses you.
You hit something.
The frilled lizard completely misses you.
You miss something.
You hear some strange, mumbled words.
Something tries to affect you, but you resist.
The frilled lizard bites you.
* * * LOW HITPOINT WARNING * * *
You barely miss something.
Your transformation is almost over.
Something barely misses you. The frilled lizard bites you.
* * * LOW HITPOINT WARNING * * *
You barely miss something. Something hits you!
You die...

.....### ##...... .#..# ..######
#######.#... ..## #..........#
...# . . ..........# ...#.# #.
..........# ...#.# ... ........#
.....#.. .... #{l...#
..............##s....#######
...........................# ####
..............##...........# #...
.......###### #...........# #.##
######## #.....####### #.## #
#.....#########.## .......
#................# #######
#.....############
################.................


You could see a frilled lizard.

Vanquished Creatures
  2 adders (D:2)
  A worm (D:2)
  7 endoplasms
  3 giant cockroaches
  A goblin (D:2)
  7 hobgoblins
  3 jackals (D:1)
  2 kobolds (D:1)
  3 quokkas
  2 ball pythons
  3 bats
  5 frilled lizards
  2 rats (D:1)
41 creatures vanquished.

Notes
Turn   | Place    | Note
-------+----------+-------------------------------------------
     0 | D:1      | MiltankisOP the Draconian Transmuter began the quest for
                  | the Orb.
     0 | D:1      | Reached XP level 1. HP: 16/16 MP: 3/3
    42 | D:1      | Found a faded altar of an unknown god.
   141 | D:1      | Reached XP level 2. HP: 14/23 MP: 3/5
  1108 | D:1      | Reached XP level 3. HP: 28/28 MP: 5/7
  1294 | D:2      | Learned a level 3 spell: Spider Form
  1886 | D:2      | Noticed Sigmund
  1903 | D:2      | Mangled by Sigmund

Illustrated notes

Levels and vault maps discovered:
D:1:      heliophobic_arrival_glass_houses, layout_basic,
          hellmonk_ecumenical_altar_lost_god
D:2:      layout_basic, basic_altar, minmay_tripent, uniq_sigmund

Skill      XL: |  1  2  3 |
---------------+----------+-----
Transmutations | 3 |  3.3
Spellcasting   | 3 |  3.1
Fighting       | |  1.1
Dodging        | |  1.7
Unarmed Combat | |  3.0

Action                   || total
-------------------------++-------
Melee: Unarmed           ||    37
       Kick              ||    24
       Headbutt          ||    14
       Tailslap          ||    11
       Staff             ||    69
       Punch             ||     1
 Cast: Beastly Appendage ||    26
       Spider Form       ||     1
 Stab: Sleeping          ||     2
Armor: Skin              ||    23
Dodge: Dodged            ||    68
